 Dungeon Crawl Stone Soup version 0.30-a0-263-ge22c4ad894 (webtiles) character file.

Game seed: 9207463655031409137

3003 sscrono2 the Grappler (level 9, -7/56 HPs)
             Began as an Octopode Delver on Oct 13, 2022.
             Was a Believer of Cheibriados.
             Mangled by an orc warrior
             ... wielding a +0 battleaxe
              (19 damage)
             ... on level 7 of the Dungeon.
             The game lasted 00:22:46 (9329 turns).

sscrono2 the Grappler (Octopode Delver)             Turns: 9329, Time: 00:22:48

Health: -7/56      AC:  1    Str: 19    XL:     9   Next: 84%
Magic:  8/14       EV: 13    Int: 19    God:    Cheibriados [**....]
Gold:   436        SH:  0    Dex: 18    Spells: 5/15 levels left

rFire   . . .      SeeInvis .    z - +1 dagger (venom)
rCold   . . .      Faith    .    (no shield)
rNeg    . . .      Spirit   .    (helmet restricted)
rPois   .          Reflect  .    t - amulet of the acrobat
rElec   .          Harm     .    k - ring of willpower
rCorr   .          Rampage  .    (no ring)
Will    +....                    (no ring)
Stlth   +++++.....               (no ring)
HPRegen 0.29/turn                (no ring)
MPRegen 0.14/turn                (no ring)
                                 (no ring)
                                 (no ring)

@: studying Shields, very slow
A: almost no armour, amphibious, 8 rings, camouflage 1, gelatinous body 1,
(nimble swimmer 1), tentacles
a: Renounce Religion, Bend Time


You were on level 7 of the Dungeon.
You worshipped Cheibriados.
Cheibriados was pleased with you.
You visited 1 branch of the dungeon, and saw 7 of its levels.
You also visited: Bailey.

You collected 436 gold pieces.

Inventory:

Hand Weapons
 z - a +1 dagger of venom (weapon)
Missiles
 A - 2 poisoned darts
Magical Staves
 h - a staff of earth
Jewellery
 k - a ring of willpower (left tentacle)
 l - an amulet of faith
 t - an amulet of the acrobat (around mantle)
Wands
 e - a wand of digging (2)
 o - a wand of light (2) (quivered)
 x - a wand of iceblast (10)
Scrolls
 a - a scroll of fog
 b - a scroll of magic mapping
 c - a scroll of immolation
 f - 2 scrolls of blinking
 n - a scroll of vulnerability
 u - a scroll of noise
 y - 4 scrolls of enchant weapon
Potions
 d - 3 potions of haste
 i - 3 potions of attraction
 j - 4 potions of curing
 m - a potion of cancellation
 p - a potion of ambrosia
 q - a potion of degeneration {unknown}
 r - a potion of invisibility
 v - a potion of berserk rage {unknown}
 w - a potion of brilliance {unknown}


   Skills:
 - Level 3.0 Fighting
 - Level 2.0 Dodging
 - Level 6.6 Stealth
 + Level 3.1 Shields
 + Level 8.6 Unarmed Combat
 + Level 3.8 Spellcasting
 * Level 6.3 Conjurations
 * Level 6.3 Fire Magic


You had 5 spell levels left.
You knew the following spells:

 Your Spells              Type           Power      Damage    Failure   Level
a - Starburst             Conj/Fire      13%        6d6       85%         6
b - Flame Wave            Conj/Fire      27%        2d9       11%         4

Your spell library contained the following spells:

 Spells                   Type           Power      Damage    Failure   Level
 Momentum Strike          Conj/Tloc      30%        3d8       6%          2
 Sticky Flame             Conj/Fire      27%        2d5       11%         4
 Dazzling Flash           Conj/Hex       30%        N/A       12%         3
 Inner Flame              Hex/Fire       15%        N/A       12%         3
 Mephitic Cloud           Conj/Pois/Air  11%        N/A       19%         3
 Blink                    Tloc           6%         N/A       22%         2
 Cigotuvi's Dreadful Rot  Necr/Pois/Air  6%         N/A       22%         2
 Poisonous Vapours        Pois/Air       6%         N/A       22%         2
 Iskenderun's Mystic Bla  Conj/Tloc      15%        2d5       36%         4
 Gell's Gravitas          Tloc           3%         N/A       38%         3
 Lesser Beckoning         Tloc           6%         N/A       38%         3
 Summon Guardian Golem    Hex/Summ       3%         N/A       38%         3
 Teleport Other           Tloc           3%         N/A       38%         3
 Dispel Undead            Necr           3%         3d7       80%         4
 Death Channel            Necr           1%         N/A       100%        6
 Orb of Destruction       Conj           13%        9d7       100%        7
 Spellforged Servitor     Conj/Summ      7%         N/A       100%        7


Dungeon Overview and Level Annotations

Branches:
Dungeon (7/15)             Temple (0/1) D:7          Bailey (visited)

Altars:
Cheibriados
Fedhas
Kikubaaqudgha
Makhleb
Qazlal
Sif Muna
Uskayaw
Yredelemnul
The Shining One


Innate Abilities, Weirdness & Mutations

You cannot wear most types of armour.
You are amphibious.
You can wear up to eight rings at the same time.
Your skin changes colour to match your surroundings (Stealth+).
Your rubbery body absorbs attacks. (AC +1, EV +1)
((You are camouflaged when in or above water. (Stealth+)))
You have tentacles for arms and can constrict up to eight enemies at once.


Message History

Anything else - Cancel.
You shout for attention!
The orc warrior shouts!
You hear a shout! x4
The orc warrior throws a boomerang.
The boomerang completely misses you.
The orc warrior throws a boomerang.
The boomerang closely misses you. The orc warrior completely misses you.
You closely miss the orc warrior. You grab the orc warrior.
You constrict the orc warrior. The orc warrior closely misses you.
You hit the orc warrior but do no damage.
The orc warrior is lightly wounded.
You constrict the orc warrior.
The orc warrior hits you with a +0 battleaxe!
You hit the orc warrior but do no damage.
The orc warrior is lightly wounded.
You constrict the orc warrior. The orc warrior closely misses you.
The flow of time bends around you.
The orc warrior resists with some effort.
Cheibriados rebukes the orc.
The orc seems to slow down.
You constrict the orc warrior.
The orc warrior hits you with a +0 battleaxe!
Unknown command.
The flow of time bends around you.
Cheibriados rebukes the orc.
The orc seems to slow down.
Cheibriados rebukes the orc warrior.
The orc warrior seems to slow down.
You constrict the orc warrior.
The orc warrior hits you with a +0 battleaxe!
The orc closely misses you.
You hit the orc warrior but do no damage.
The orc warrior is poisoned.
The orc warrior is moderately wounded.
You constrict the orc warrior. The orc hits you with a +0 club.
Unknown command.
You hit the orc warrior but do no damage.
The orc warrior looks even sicker.
The orc warrior is heavily wounded.
You constrict the orc warrior. The orc hits you with a +0 club.
* * * LOW HITPOINT WARNING * * *
The orc closely misses you.
The orc warrior hits you with a +0 battleaxe!!
You die...

.....#**,8,**..*,,,,,,,,**,,,****
.....##******#.**,,,,,,,,**,,,,,,
......# #.##****,,,,*,,,,,,,
......# #..# *****,,,**,,,
......# ###*#..# **,,**,,,,
......# #..##..# *#..**,,,,,
......# #......## *#..#**,,,,,
......# #.......# *#..#***,,,,,
......## #.....o@# **...# *,,,,,,
.......###.....oo# *...#* *,,,,,,
.................###..#* ***,,,,
................o.#..#* ***,,
......##.........o...# *,,*
.....#####..........## **,,*
.....#.......)).....# *,,,*
........####........# *,,**
...###### ########## *,**


You could see an orc warrior (very poisoned, slow) and 4 orcs.

Vanquished Creatures
  An orc knight (Bailey)
  A human (D:3)
  Duvessa (D:6)
  An ice beast (D:5)
  8 orc warriors (Bailey)
  A centaur (D:6)
  A phantom (D:5)
  A kobold brigand (D:7)
  6 scorpions
  Dowan (D:6)
  A howler monkey (D:5)
  3 hounds
  3 orc priests
  2 jellies
  Ijyb (D:4)
  Natasha (twice) (D:4)
  5 iguanas
  3 orc wizards
  A gnoll (D:1)
  7 adders
  A white imp (D:5)
  4 ufetubi
  3 worms
  3 dart slugs
  31 orcs
  6 ball pythons
  12 bats
  10 endoplasms
  5 giant cockroaches
  5 goblins
  8 hobgoblins
  4 jackals (D:1)
  9 kobolds
  4 quokkas
  3 frilled lizards (D:1)
  9 rats
167 creatures vanquished.

Vanquished Creatures (collateral kills)
  An orc priest (D:5)
  An orc (D:5)
2 creatures vanquished.

Vanquished Creatures (others)
  An orc (D:6)
1 creature vanquished.

Grand Total: 170 creatures vanquished

Notes
Turn   | Place    | Note
-------+----------+-------------------------------------------
     0 | D:5      | sscrono2 the Octopode Delver began the quest for the Orb.
     0 | D:5      | Reached XP level 1. HP: 16/16 MP: 1/1
    18 | D:5      | Noticed a hound
    20 | D:5      | Noticed an orc priest
    31 | D:5      | Reached XP level 2. HP: 21/21 MP: 2/2
    37 | D:5      | Reached skill level 3 in Unarmed Combat
    37 | D:5      | Reached XP level 3. HP: 11/26 MP: 3/3
   266 | D:5      | Noticed an ice beast
   378 | D:4      | Noticed a phantom
   519 | D:4      | Reached skill level 4 in Unarmed Combat
   519 | D:4      | Reached XP level 4. HP: 26/31 MP: 4/4
   596 | D:3      | Noticed an ice beast
   775 | D:3      | Noticed a scorpion
   791 | D:3      | Killed a scorpion
   792 | D:3      | Reached skill level 5 in Unarmed Combat
   792 | D:3      | Reached XP level 5. HP: 17/36 MP: 5/5
  1383 | D:3      | Found a runed translucent door.
  1383 | D:3      | Noticed a human
  1389 | D:3      | Found a basalt altar of Yredelemnul.
  1401 | D:3      | Killed a human
  1402 | D:3      | Reached skill level 6 in Unarmed Combat
  1402 | D:3      | Reached XP level 6. HP: 34/42 MP: 6/6
  1793 | D:2      | Reached skill level 7 in Unarmed Combat
  2887 | D:1      | Reached XP level 7. HP: 46/46 MP: 7/7
  2894 | D:1      | Learned a level 6 spell: Starburst
  3635 | D:4      | Noticed Natasha
  3766 | D:4      | Found an ancient bone altar of Kikubaaqudgha.
  3768 | D:4      | Found a blossoming altar of Fedhas.
  3925 | D:4      | Reached skill level 1 in Conjurations
  3925 | D:4      | Reached skill level 1 in Fire Magic
  3946 | D:4      | Noticed Ijyb
  3964 | D:4      | Killed Ijyb
  4196 | D:4      | Found a snail-covered altar of Cheibriados.
  4263 | D:4      | Killed Natasha
  4276 | D:4      | HP: 2/46 [poisoned by an adder]
  4847 | D:4      | Noticed Natasha
  4857 | D:4      | Killed Natasha
  4858 | D:4      | Reached skill level 1 in Spellcasting
  5335 | D:5      | Found a shimmering blue altar of Sif Muna.
  5379 | D:4      | Found a glowing golden altar of the Shining One.
  5396 | D:4      | Became a worshipper of Cheibriados the Contemplative
  5460 | D:5      | Found a burning altar of Makhleb.
  5598 | D:5      | Reached XP level 8. HP: 51/52 MP: 10/10
  5898 | D:5      | Learned a level 4 spell: Flame Wave
  6596 | D:6      | Noticed Dowan
  6941 | D:6      | Found a hide-covered altar of Uskayaw.
  7131 | D:6      | Noticed Duvessa
  7148 | D:6      | Killed Duvessa
  7149 | D:6      | Reached skill level 8 in Unarmed Combat
  7154 | D:6      | Your ally Dowan died
  7154 | D:6      | Reached * piety under Cheibriados
  7482 | D:6      | Found a stormy altar of Qazlal.
  7558 | D:7      | Found a flagged portal.
  7587 | D:7      | Reached XP level 9. HP: 41/56 MP: 13/13
  7630 | Bailey   | Entered a bailey
  7720 | Bailey   | Reached skill level 5 in Conjurations
  7720 | Bailey   | Reached skill level 5 in Fire Magic
  7802 | Bailey   | Reached ** piety under Cheibriados
  7905 | Bailey   | Noticed an orc knight
  8000 | Bailey   | Reached skill level 1 in Shields
  8714 | Bailey   | Killed an orc knight
  9329 | D:7      | Mangled by an orc warrior

Illustrated notes

Levels and vault maps discovered:
D:1:      minmay_arrival_widening_spiral_wide, layout_basic
D:2:      layout_rooms
D:3:      minmay_recursive_quarters, layout_loops_cross, dk_yredelemnul_ordeal
D:4:      layout_cave_pods, nicolae_overflow_hidden_temple, uniq_natasha,
          uniq_ijyb
D:5:      layout_layer_cave, mainiacjoe_overflow_small_starburst,
          mainiacjoe_overflow_alcove_1, hangedman_abyss_or_decor_stabs
D:6:      layout_loops_ring, eat_drink_and_be_merry_uskayaw,
          lemuel_coloured_pillars_altar, small_statue_intersection,
          hellmonk_bongcloud_opening, uniq_duvessa
D:7:      cheibrodos_iron_armory, layout_cave_pods, mainiacjoe_overflow_swirl,
          minmay_temple_entry_statues_pillars, enter_bailey_2

Skill      XL: |  1  2  3  4  5  6  7  8  9 |
---------------+----------------------------+-----
Unarmed Combat | 3 4 5 6 7 8 |  8.6
Conjurations   | 2 4 6 |  6.3
Fire Magic     | 2 4 6 |  6.3
Spellcasting   | 1 2 3 |  3.8
Shields        | 3 |  3.1
Fighting       | |  3.0
Dodging        | |  2.0
Stealth        | |  6.6

Action                   |  1- 3 |  4- 6 |  7- 9 || total
-------------------------+-------+-------+-------++-------
Melee: Unarmed           |    14 |   148 |   168 ||   330
       Tentacles         |     5 |    17 |    59 ||    81
       Constrict         |     3 |    31 |    48 ||    82
       Punch             |     1 |     6 |    13 ||    20
       Dagger            |       |       |    53 ||    53
Throw: Throwing net      |       |       |     2 ||     2
Invok: Bend Time         |       |       |     2 ||     2
Evoke: Wand              |       |       |    17 ||    17
  Use: Scroll            |     1 |     7 |    13 ||    21
       Potion            |       |     2 |     4 ||     6
 Stab: Sleeping          |     1 |    30 |    18 ||    49
       Distracted        |       |     1 |       ||     1
       Betrayed ally     |       |       |     1 ||     1
       Invisible         |       |       |     3 ||     3
       Held in net/web   |       |       |     2 ||     2
Armor: Skin              |       |    10 |    13 ||    23
Dodge: Dodged            |     8 |    70 |   156 ||   234

Table legend: (Time is in decaauts)
 A = Elapsed time spent in this place.
 B = Non-inter-level travel time spent in this place.
 C = Inter-level travel time spent in this place.
 D = Time resting spent in this place.
 E = Time spent auto-exploring this place.
 F = Levels seen in this place.
 G = Mean time per level.
                   A        B        C        D        E       F      G
               +--------+--------+--------+--------+--------+-----+--------+
         Total |  10019 |   9656 |    363 |   2756 |   4783 |   8 | 1252.4 |
       Dungeon |   8396 |   8033 |    363 |   1786 |   4627 |   7 | 1199.4 |
        Bailey |   1623 |   1623 |      0 |    970 |    155 |   1 | 1623.0 |
               +--------+--------+--------+--------+--------+-----+--------+

Top non-repeatable levels by time:
     D:5: 2239 daAuts
     D:4: 1816 daAuts
  Bailey: 1623 daAuts
     D:3: 1219 daAuts
     D:6: 1075 daAuts
     D:1: 856 daAuts
     D:2: 721 daAuts
     D:7: 467 daAuts
